AoeStats
← AiM | Natural Killer

Arabia

508743852Analyzed
1v1 RM · 10d ago on Sep 23, 2026· 24m 52s· 2 players
Game mode
Random Map
Map size
Tiny (2 player)
Population
200
Speed
Normal
Resources
Standard
Victory
Conquest
Starting age
Dark Age
Ending age
Imperial Age
RankedLock teamsTeams togetherTeam positionsShared explorationLock speedFull tech treeHidden civsTurbo modeCheats
Victory
Defeat
🇨🇿 Ethiopians · Czechia
1534
+18
1588
-18
frankee
4:09 Loom
7:06 Loom
10:01 Feudal Age
11:38 Double-Bit Axe
15:49 Fletching
18:51 Padded Archer Armor
22:43 Castle Age
22:45 Crossbowman
23:22 Bodkin Arrow
25:18 Wheelbarrow
25:13 Leather Archer Armor
AiM | Natural Killer
6:15 Loom
8:50 Feudal Age
9:05 Man-at-Arms
14:24 Double-Bit Axe
16:12 Fletching
18:25 Scale Barding Armor
26:33 Castle Age
Connection lost

Rejoining the realm…

Still unreachable

The connection could not be restored.

Session expired

The server has moved on; the page needs a fresh start.